[Event "*** Titled Tuesday 3|2 Blitz"]
[Site "Chess.com"]
[Date "2016.07.05"]
[Round "2"]
[White "IamSchrodingersCat"]
[Black "FearlessKing64"]
[Result "1-0"]
[WhiteElo "2230"]
[BlackElo "2109"]
[TimeControl "180+2"]
[EndTime "17:20:57 PDT"]
[Termination "IamSchrodingersCat won on time"]

1. e4 c5 2. Nf3 d6 3. d4 cxd4 4. Nxd4 Nf6 5. Nc3 a6 6. Be2 e5 7.
Nb3 Be7 8. g4 h6 9. Be3 Be6 10.
Bf3 Nbd7 11. Qe2 Qc7 12. h4 Bc4 13. Qd2 Nb6 14. g5 hxg5 15. hxg5 Rxh1+ 16. Bxh1 Nfd7 17. O-O-O O-O-O 18. Bf3 Be6 19. Na5 Nc5 20. Qe2 Nba4 21. Nxa4 Nxa4 22. Nb3 Kb8 23. Bg4 Rc8 24. Bxe6 fxe6 25.
Kb1 Qd8 26. g6 d5 27. f4 d4 28. fxe5 dxe3 29. Rxd8 Rxd8 30. Qxe3 Rd1+ 31. Nc1 1-0

[Event "*** Titled Tuesday 3|2 Blitz"]
[Site "Chess.com"]
[Date "2016.07.05"]
[Round "2"]
[White "RobertoJBM"]
[Black "E-Shaposhnikov"]
[Result "0-1"]
[WhiteElo "2087"]
[BlackElo "2656"]
[TimeControl "180+2"]
[EndTime "17:21:28 PDT"]
[Termination "E-Shaposhnikov won by resignation"]

1. d4 Nf6 2. c4 e6 3. Nf3 b6 4. g3 Ba6 5. Qa4 Bb7 6. Bg2 c5 7.
O-O Be7 8. Nc3 O-O 9. Rd1 cxd4 10. Nxd4 Bxg2 11. Kxg2 a6 12. Bg5 Qc7 13. Rac1 d6 14.
Kg1 Qb7 15. f3 Rc8 16. Be3 Nbd7 17. Bf2 Ne5 18. b3 Rc5 19. Qa3 d5 20. Qb2 dxc4 21.
Na4 Rc7 22. bxc4 Nxc4 23. Qb3 b5 24. Nc3 Rac8 25. Nb1 Bc5 26. a4 Nd6 27. Kg2 bxa4 28. Qxa4 Nb5 29. Nb3 Bxf2 30. Rxc7 Nxc7 31. Kxf2 Qb6+ 32.
Kg2 Ncd5 33. Rd2 g5 34. Rd3 Ne3+ 35. Kh3 h5 36. N1d2 g4+ 37. Kh4 Kg7 38. Qf4 Ng2+ 0-1

[Event "*** Titled Tuesday 3|2 Blitz"]
[Site "Chess.com"]
[Date "2016.07.05"]
[Round "2"]
[White "akinov-akinseye"]
[Black "metalbattler"]
[Result "1-0"]
[WhiteElo "1890"]
[BlackElo "1939"]
[TimeControl "180+2"]
[EndTime "17:21:41 PDT"]
[Termination "akinov-akinseye won by resignation"]

1. e4 d5 2. exd5 Nf6 3. Bb5+ Bd7 4. Bc4 Bg4 5. Nf3 Nxd5 6. O-O e6 7.
d4 Be7 8. c3 O-O 9. Nbd2 c5 10.
dxc5 Bxc5 11. Ne4 Be7 12. Bxd5 Qxd5 13. Qxd5 exd5 14. Ned2 Nc6 15. Re1 Bc5 16. h3 Bh5 17. g4 Bg6 18. Nb3 Bb6 19. Bf4 Rfe8 20. Rad1 Be4 21.
Ng5 f6 22. Nxe4 dxe4 23. Nd2 Rad8 24. Nc4 Bc5 25. b4 Bf8 26. a4 g6 27. Rxd8 Nxd8 28.
f3 f5 29. gxf5 gxf5 30. fxe4 fxe4 31. Nd2 Bg7 32. Nxe4 Re6 33. Bd2 Nf7 34. Nc5 Rd6 35. Ne4 Re6 36. Nc5 Rd6 37. Re8+ Bf8 38. Bf4 Rd1+ 39.
Kf2 Kg7 40. Ne6+ 1-0

[Event "*** Titled Tuesday 3|2 Blitz"]
[Site "Chess.com"]
[Date "2016.07.05"]
[Round "2"]
[White "matein28"]
[Black "pedromartinez91"]
[Result "1/2-1/2"]
[WhiteElo "2363"]
[BlackElo "2309"]
[TimeControl "180+2"]
[EndTime "17:21:44 PDT"]
[Termination "Game drawn by stalemate"]

1. d4 d5 2. c4 dxc4 3. Nc3 a6 4. a4 Nc6 5. Nf3 Bg4 6. d5 Na5 7. e4 e6 8. Be2 Nf6 9. O-O Bxf3 10. Bxf3 e5 11.
Bg5 h6 12. Bh4 Bd6 13. Rc1 Nb3 14. Rc2 Nd4 15. Rc1 b5 16. Be2 g5 17. Bg3 Qe7 18. f3 Bc5 19. Bf2 Nb3 20. Rc2 Bxf2+ 21. Rxf2 Qc5 22.
Nb1 Qd4 23. Qe1 Nd7 24. Nd2 Ndc5 25. Nxb3 Nxb3 26. Kh1 O-O 27. Bd1 bxa4 28. Rc3 Rab8 29. Rfc2 Rb4 30. Qf1 Rfb8 31. Rxc4 Rxc4 32. Rxc4 Qxb2 33.
Rxa4 Nd4 34. f4 gxf4 35. Bh5 Qc2 36. Ra1 Rb2 37. h3 Qxe4 38. Bf3 Nxf3 39. gxf3 Qc2 40. Qg1+ Kh7 41. Rc1 Qe2 42. Rf1 a5 43. d6 cxd6 44. h4 a4 45. h5 a3 46. Rf2 Qxf2 47. Qg7+ Kxg7 1/2-1/2

[Event "*** Titled Tuesday 3|2 Blitz"]
[Site "Chess.com"]
[Date "2016.07.05"]
[Round "2"]
[White "oskariot"]
[Black "vellottiwizard"]
[Result "0-1"]
[WhiteElo "2270"]
[BlackElo "2538"]
[TimeControl "180+2"]
[EndTime "17:21:50 PDT"]
[Termination "vellottiwizard won by resignation"]

1. e4 e6 2. d4 d5 3. Nc3 Bb4 4. e5 c5 5. a3 Bxc3+ 6. bxc3 Ne7 7. Nf3 Nbc6 8. a4 Qa5 9. Bd2 Bd7 10. Be2 O-O-O 11. O-O Qc7 12. Bc1 f6 13. exf6 gxf6 14. Ba3 c4 15. Re1 Rhg8 16. Bf1 Ng6 17. Qd2 h5 18. g3 h4 19. Bg2 hxg3 20. hxg3 Rde8 21. Qh6 f5 22. Re2 f4 23. g4 e5 24. dxe5 Bxg4 25. Bd6 Qf7 26. Ng5 Qd7 27. f3 Bf5 28. Qh7 Qxh7 29. Nxh7 Ngxe5 30. Nf6 Nxf3+ 31. Kf1 Nh2+ 32. Kg1 Rxe2 33. Nxg8 f3 34. Bf1 Nxf1 35. Kxf1 Bh3+ 36. Kg1 f2+ 0-1

[Event "*** Titled Tuesday 3|2 Blitz"]
[Site "Chess.com"]
[Date "2016.07.05"]
[Round "2"]
[White "Hikaru"]
[Black "Boryboy"]
[Result "1-0"]
[WhiteElo "3001"]
[BlackElo "2499"]
[TimeControl "180+2"]
[EndTime "17:22:02 PDT"]
[Termination "Hikaru won by resignation"]

1. d4 e6 2. c4 d5 3. Nc3 Nf6 4. Nf3 Nbd7 5. Bf4 dxc4 6. e3 b5 7. Nxb5 Nd5 8. Nc3 Bb4 9. a3 Ba5 10. Qa4 Bxc3+ 11. bxc3 Nxf4 12. exf4 O-O 13. Qxc4 Bb7 14.
Be2 c5 15. O-O cxd4 16. Qxd4 Nb6 17. Rfc1 Qxd4 18. Nxd4 Rfd8 19. g3 Rac8 20. Bf1 Bd5 21. a4 Rd7 22. Ba6 Rcd8 23. a5 Nc4 24. Bxc4 Bxc4 25.
Nc6 Rc8 26. Ne5 Rdc7 27. Rab1 Bd5 28. c4 Be4 29. Rb4 f6 30. Ng4 Rc5 31. Ra4 Bc6 32.
Ra3 Be4 33. Ne3 h5 34. Rd1 h4 35. Kf1 hxg3 36. fxg3 e5 37. Rd7 exf4 38. gxf4 R8c7 39. Rxc7 Rxc7 40. Ke2 Rc5 41. h3 Kf7 42. Kd2 Bc6 43. a6 g5 44. f5 Be4 45. Rb3 Bxf5 46. Rb7+ Kg6 47. Nxf5 Kxf5 48. Kc3 Ra5 49. Rb5+ Rxb5 50.
cxb5 Ke6 51. b6 1-0

[Event "*** Titled Tuesday 3|2 Blitz"]
[Site "Chess.com"]
[Date "2016.07.05"]
[Round "2"]
[White "Indianlad"]
[Black "jcibarra"]
[Result "0-1"]
[WhiteElo "2571"]
[BlackElo "2658"]
[TimeControl "180+2"]
[EndTime "17:22:03 PDT"]
[Termination "jcibarra won by resignation"]

1. d4 Nf6 2. c4 d6 3. Nf3 g6 4. Nc3 Bf5 5. Qb3 b6 6. g3 Bg7 7. Bg2 Nc6 8. O-O O-O 9. Qd1 Ne4 10. Nxe4 Bxe4 11. Be3 Na5 12. Rc1 c5 13. Qd2 Rb8 14.
Rfd1 Qc7 15. Bh6 Rfd8 16. Bxg7 Kxg7 17. Qe3 Qb7 18. d5 Bxf3 19. Bxf3 Kg8 20. a4 Qd7 21. b3 a6 22. Qc3 Qc7 23. Ra1 Rb7 24.
h4 Ra8 25. h5 Qd8 26. Kg2 Qf8 27. Rh1 Qg7 28. Qe3 Qf6 29. hxg6 hxg6 30. Rh4 Qxa1 31. Be4 Qd4 32. Qc1 Qf6 33. Qh6 Qg7 34. Qe3 b5 35. axb5 axb5 36. f4 bxc4 37. f5 g5 38.
f6 exf6 39. Rh7 Qxh7 40. Bxh7+ Kxh7 41. bxc4 Kg7 42. Qe4 Raa7 43. Kh3 Re7 44. Qd3 Rab7 45. Kg4 Nxc4 46. Kh5 Ne5 47. Qf5 Rb8 0-1

[Event "*** Titled Tuesday 3|2 Blitz"]
[Site "Chess.com"]
[Date "2016.07.05"]
[Round "2"]
[White "popov_m"]
[Black "Viaje"]
[Result "1-0"]
[WhiteElo "2241"]
[BlackElo "2106"]
[TimeControl "180+2"]
[EndTime "17:22:05 PDT"]
[Termination "popov_m won by resignation"]

1. c4 c5 2. g3 Nc6 3. Bg2 g6 4.
Nc3 Bg7 5. Nf3 e5 6. O-O d6 7. Ne1 Be6 8. Nd5 Nge7 9. Nc2 O-O 10. d3 a6 11. Rb1 Rb8 12. b4 b5 13. bxc5 dxc5 14.
Nxe7+ Nxe7 15. Be3 Qc7 16. cxb5 axb5 17. Na3 Bxa2 18.
Rxb5 c4 19. dxc4 Nf5 20. Qd2 Nxe3 21. Qxe3 Rxb5 22. cxb5 Rb8 23. Bc6 Qa5 24. Nc2 Be6 25. Ne1 Qa2 26. Nd3 e4 27. Nc5 Bc4 28. Qxe4 Bxe2 29.
Re1 Bxb5 30. Bxb5 Rxb5 31. Qe8+ Bf8 32. Qxb5 Qd2 33. Nd3 Kg7 34. Qb2+ Qxb2 35. Nxb2 1-0

[Event "*** Titled Tuesday 3|2 Blitz"]
[Site "Chess.com"]
[Date "2016.07.05"]
[Round "2"]
[White "saraswathii"]
[Black "destroyer305"]
[Result "1-0"]
[WhiteElo "2069"]
[BlackElo "2210"]
[TimeControl "180+2"]
[EndTime "17:22:06 PDT"]
[Termination "saraswathii won on time"]

1. e4 c5 2. Nf3 d6 3. d3 Nf6 4. g3 g6 5. Bg2 Bg7 6. O-O O-O 7. Qe2 Nc6 8. c3 Rb8 9. h3 b5 10. a3 b4 11. axb4 cxb4 12. Be3 bxc3 13. bxc3 a5 14.
Nbd2 Ba6 15. Rfb1 Rxb1+ 16. Rxb1 Ne5 17. Nxe5 dxe5 18. c4 Qd7 19. Nb3 Rb8 20. Qa2 Qxd3 21. Bf1 Qxe4 22. Nd2 Qa8 23. Rxb8+ Qxb8 24. Qxa5 Qc8 25.
Qxe5 Ng4 26. Qxe7 Bf8 27. Qe4 Nxe3 28. Qxe3 Bc5 29. Qf4 Qe6 30. Ne4 Be7 31. Nc3 Bd6 32. Qd4 Be5 33. Qd8+ Kg7 34. Nd5 Bb7 35. Bg2 Bd4 36.
Ne3 Bxg2 37. Qxd4+ 1-0

[Event "*** Titled Tuesday 3|2 Blitz"]
[Site "Chess.com"]
[Date "2016.07.05"]
[Round "2"]
[White "Ksenia_Legenko"]
[Black "Rock700chess"]
[Result "0-1"]
[WhiteElo "2073"]
[BlackElo "2216"]
[TimeControl "180+2"]
[EndTime "17:22:14 PDT"]
[Termination "Rock700chess won on time"]

1. d4 Nf6 2. c4 e6 3. g3 d5 4. Nf3 Be7 5. Bg2 O-O 6. O-O dxc4 7. Qc2 a6 8. a4 Bd7 9. Ne5 Bc6 10.
Nxc6 Nxc6 11. e3 Na5 12. Nd2 c5 13. dxc5 Rc8 14. b3 cxb3 15. Nxb3 Nxb3 16. Qxb3 Nd7 17. Qxb7 Nxc5 18. Qf3 Bf6 19. Ra2 Qd3 20. Ba3 Qb3 21. Qe2 Rfd8 22. Bxc5 Rxc5 23. a5 g6 24. h4 Kg7 25.
Be4 Rd6 26. Bb1 Bc3 27. Qc2 Qb4 28. Qa4 Qb7 29. Be4 Qc7 0-1

[Event "*** Titled Tuesday 3|2 Blitz"]
[Site "Chess.com"]
[Date "2016.07.05"]
[Round "2"]
[White "ChrisTool2"]
[Black "chessking2151"]
[Result "0-1"]
[WhiteElo "2302"]
[BlackElo "2346"]
[TimeControl "180+2"]
[EndTime "17:22:20 PDT"]
[Termination "chessking2151 won by resignation"]

1. d4 Nf6 2. c4 c5 3. e3 g6 4. Nf3 Bg7 5. Nc3 O-O 6. Be2 d6 7.
O-O Nbd7 8. b3 e5 9. dxc5 dxc5 10. Bb2 Re8 11. Qd6 Qe7 12. Rad1 Qxd6 13. Rxd6 Kf8 14. Rfd1 Kg8 15. Nb5 Re7 16. h3 Ne8 17. R6d2 Nf8 18. Ng5 f5 19. Nd6 h6 20. Nf3 e4 21. Nxc8 Rxc8 22. Nh4 Bxb2 23. Rxb2 Kg7 24. Rbd2 Kf6 25. g3 g5 26. Ng2 Ne6 27. Rd7 Rxd7 28. Rxd7 Rc7 29. Rd5 b6 30. Kf1 Re7 31. h4 N6c7 32.
Rd8 Ke6 33. g4 a6 34. gxf5+ Kxf5 35. Kg1 Ne6 36. Rb8 Nf6 37. Rxb6 Rd7 38. hxg5 hxg5 39.
Kh2 Rd2 40. Bf1 Rxf2 41. Kg1 Rxa2 42. Ne1 g4 43. Ng2 Nd7 44. Rd6 Ne5 45. Rd5 Kf6 46. Nh4 Nf3+ 47. Nxf3 exf3 48. e4 g3 49. Rd3 f2+ 50.
Kh1 g2+ 51. Bxg2 Ra1+ 52. Kh2 f1=Q 53. Bxf1 Rxf1 54. Rd6 Ke5 55. Rxa6 Rb1 56. Rb6 Nd4 57. Kg3 Rxb3+ 58. Rxb3 Nxb3 59. Kf3 Na5 60. Ke3 Nxc4+ 61.
Kd3 Nd6 62. Kc3 Kxe4 63. Kc2 Kd5 0-1

[Event "*** Titled Tuesday 3|2 Blitz"]
[Site "Chess.com"]
[Date "2016.07.05"]
[Round "2"]
[White "GeorgMeier"]
[Black "Journey_to_GrandMaster_YT"]
[Result "1-0"]
[WhiteElo "2653"]
[BlackElo "2433"]
[TimeControl "180+2"]
[EndTime "17:22:24 PDT"]
[Termination "GeorgMeier won on time"]

1. Nf3 d6 2. g3 Nf6 3. d4 Nbd7 4. c4 e5 5. Nc3 Be7 6. Bg2 O-O 7. O-O c6 8. Qc2 Re8 9. Rd1 Qc7 10. b3 Bf8 11.
d5 cxd5 12. cxd5 Nc5 13. Bb2 Bd7 14. b4 Nce4 15. Rac1 Rac8 16. Qb3 Qb6 17. Nxe4 Nxe4 18. e3 Bg4 19. h3 Bf5 20. Nh4 Rxc1 21. Rxc1 Nd2 22.
Qd1 Qxb4 23. Bc3 Qb5 24. Nxf5 Nc4 25. Qb3 Qa6 26. a4 g6 27. Bf1 Na5 28. Qb4 Qb6 29.
Qxa5 Qxa5 30. Bxa5 gxf5 31. Rc7 b6 32. Bd2 Ra8 33.
Bb5 a6 34. Bc6 Rb8 35. g4 fxg4 36. hxg4 b5 37. a5 b4 38. Rb7 Rxb7 39. Bxb7 b3 40. Bc1 e4 41. Bxa6 Bg7 42. Bc8 Bc3 43. a6 Bd2 44. Bb2 1-0

[Event "*** Titled Tuesday 3|2 Blitz"]
[Site "Chess.com"]
[Date "2016.07.05"]
[Round "2"]
[White "bilelou"]
[Black "theprosecution1"]
[Result "1-0"]
[WhiteElo "2285"]
[BlackElo "2476"]
[TimeControl "180+2"]
[EndTime "17:22:48 PDT"]
[Termination "bilelou won by resignation"]

1. d4 Nf6 2. c4 e6 3. Nf3 b6 4. g3 Ba6 5. Qa4 Bb7 6. Bg2 c5 7. dxc5 Bxc5 8. O-O O-O 9. Nc3 Be7 10. Rd1 Na6 11.
Bf4 Nc5 12. Qc2 Qc8 13. Rd4 d5 14. Rc1 Nce4 15. Nxe4 Nxe4 16. cxd5 Qxc2 17. Rxc2 Bxd5 18. Ne5 Nf6 19. b4 Rac8 20. Nc6 Bxc6 21. Bxc6 Nd5 22. Bd2 Rc7 23. e4 Nf6 24. Rdc4 Bd6 25. f4 e5 26.
Bc3 Re7 27. f5 h5 28. Kg2 Rd8 29. h3 Rc7 30. Kf3 Nd7 31. Bd2 Nb8 32. Bd5 Rxc4 33.
Rxc4 Nd7 34. Rc2 Nf6 35. Bb3 Bf8 36. Be1 Rd3+ 37. Ke2 Rd4 38. Rc7 Rxe4+ 39. Kf1 Bxb4 40. Bxf7+ Kh7 41. Bg6+ Kh6 42. Bf2 Bc5 43. Be1 h4 44. g4 Kg5 45. Rxg7 Kf4 46. Bxh4 Nd5 47. f6 Ne3+ 48. Ke2 Nxg4+ 49. Bxe4 1-0

[Event "*** Titled Tuesday 3|2 Blitz"]
[Site "Chess.com"]
[Date "2016.07.05"]
[Round "2"]
[White "Cayse"]
[Black "dretch"]
[Result "0-1"]
[WhiteElo "2574"]
[BlackElo "2632"]
[TimeControl "180+2"]
[EndTime "17:22:55 PDT"]
[Termination "dretch won on time"]

1. e4 e6 2. d4 d5 3. Nc3 Nf6 4. e5 Nfd7 5. f4 c5 6. Nf3 Nc6 7. Be3 cxd4 8. Nxd4 Bc5 9. Qd2 O-O 10.
O-O-O a6 11. h4 Nxd4 12. Bxd4 b5 13. Qf2 Qc7 14. h5 b4 15. Ne2 a5 16. h6 g6 17.
Bxc5 Nxc5 18. Nd4 a4 19. Qh4 Ne4 20. Bd3 a3 21. Bxe4 axb2+ 22. Kxb2 f6 23. Bd3 Qc3+ 24. Kb1 Qxd4 25. Bxg6 Qa7 26. Bd3 Kh8 27. Kc1 Qe3+ 28. Kb1 Ba6 29. exf6 Bxd3 30. Rxd3 Qa7 31. Kc1 Qxa2 32.
Kd2 Rac8 33. Rc1 Qb2 34. Qg5 Rg8 35. Qe5 Rxg2+ 36. Ke3 Rg3+ 37. Kf2 Qxe5 38. fxe5 Rxd3 39. f7 Rd4 40. Ke3 Re4+ 41. Kd3 Rf8 42. Rf1 Rxe5 0-1

[Event "*** Titled Tuesday 3|2 Blitz"]
[Site "Chess.com"]
[Date "2016.07.05"]
[Round "2"]
[White "pKiLz5Rn9b"]
[Black "aripov96"]
[Result "0-1"]
[WhiteElo "2412"]
[BlackElo "2284"]
[TimeControl "180+2"]
[EndTime "17:23:00 PDT"]
[Termination "aripov96 won by resignation"]

1. e4 c5 2. c3 g6 3. d4 cxd4 4. cxd4 d5 5. e5 Bg7 6. Nc3 Nc6 7. h3 Nh6 8. g4 O-O 9. Bg2 e6 10. Nf3 Kh8 11. Bg5 Qb6 12. Qd2 Ng8 13. h4 h6 14. Be3 f6 15. exf6 Rxf6 16. Ne5 Kh7 17. g5 Rf5 18. h5 Bxe5 19. dxe5 d4 20. hxg6+ Kxg6 21. Bxc6 dxe3 22. Be8+ Kh7 23. g6+ Kg7 24.
Qxe3 Qxe3+ 25. fxe3 Rxe5 26. O-O-O Nf6 27. Bf7 Bd7 28. Rh3 Be8 29. Rg1 h5 30. Rf3 Bxf7 31. gxf7+ Kxf7 32. e4 Rh8 33. Kd2 h4 34. Ke3 h3 35.
Rh1 h2 36. Kd4 Rg5 37. Rff1 Ke7 38. Rf2 e5+ 39. Kc4 Rgh5 40. Rg2 Ke6 41. Rg6 R8h6 42. Rg2 Rh4 43. Kd3 Rh3+ 44. Kc4 R6h4 45. Re2 Nh5 46.
Rd2 Ng3 47. Rhd1 Nxe4 48. Nxe4 Rxe4+ 49. Kc5 h1=Q 50. Rd6+ Kf5 0-1

[Event "*** Titled Tuesday 3|2 Blitz"]
[Site "Chess.com"]
[Date "2016.07.05"]
[Round "2"]
[White "FairChess_on_YouTube"]
[Black "SavelijTartakover"]
[Result "1-0"]
[WhiteElo "2734"]
[BlackElo "2516"]
[TimeControl "180+2"]
[EndTime "17:23:09 PDT"]
[Termination "FairChess_on_YouTube won by resignation"]

1. e4 c5 2. Nf3 d6 3. c3 Nf6 4. h3 Nc6 5. Bd3 d5 6. e5 Nd7 7.
Bb5 e6 8. d4 Qb6 9. Ba4 Be7 10.
O-O O-O 11. a3 a5 12. Bc2 Rd8 13. Qd3 Nf8 14. h4 h6 15. h5 Bd7 16. b3 Na7 17. Qd1 cxd4 18. Nxd4 Nc6 19. Qg4 Kh8 20. Nxc6 bxc6 21.
Nd2 c5 22. Nf3 a4 23. b4 Bb5 24. Re1 Rdc8 25. Be3 Qc7 26. Bxc5 Bxc5 27. bxc5 Qxc5 28. Re3 Nd7 29. Nd4 Bc4 30. Rg3 Qf8 31. Qf4 Nc5 32. Re1 Rab8 33. Ree3 Rb2 34. Rxg7 Qxg7 35. Rg3 Ne4 36. Rxg7 Kxg7 37. Bxe4 dxe4 38. Qf6+ Kg8 39. Qxh6 Bd3 40. Qg5+ Kh7 41. Qf6 Rg8 42. Qxf7+ Rg7 43. Qf4 e3 44. Qxe3 Bb1 45. Nxe6 1-0

[Event "*** Titled Tuesday 3|2 Blitz"]
[Site "Chess.com"]
[Date "2016.07.05"]
[Round "2"]
[White "rithwik2002"]
[Black "DiamondCrusher22"]
[Result "1-0"]
[WhiteElo "1991"]
[BlackElo "1854"]
[TimeControl "180+2"]
[EndTime "17:23:17 PDT"]
[Termination "rithwik2002 won by resignation"]

1. d4 d5 2. Bf4 Nf6 3. e3 Bf5 4. Bd3 Bxd3 5. Qxd3 a6 6. Nf3 e6 7. c4 Nc6 8. c5 Qd7 9. a3 Ne4 10. Nbd2 Nxd2 11. Qxd2 f6 12. b4 g5 13. Bg3 g4 14.
Ng1 h5 15. h4 Bh6 16. Ne2 e5 17. Rd1 Rd8 18. Qd3 Qh7 19. Qxh7 Rxh7 20. dxe5 fxe5 21. O-O Rhd7 22. a4 Bg7 23. b5 axb5 24. axb5 Ne7 25. Ra1 c6 26. Rfb1 Kf7 27. bxc6 bxc6 28. Rb6 d4 29. exd4 exd4 30. Rd1 d3 31. Nf4 Nd5 32. Nxd5 Rxd5 33. Rxc6 Re8 34. Rd6 Rd8 35. Rxd8 Rxd8 36.
c6 Rc8 37. c7 Bc3 38. Rxd3 Ba5 39. Rd7+ Ke6 40. Rd8 Rxc7 41. Rd6+ Kf7 42. Rd5 Rc1+ 43. Kh2 Be1 44. Rxh5 Rc2 45. Rg5 Bxf2 46. Rf5+ Kg6 47. Rxf2 Rxf2 48. Bxf2 Kh5 49. Kg3 Kg6 50. Be3 Kh5 51.
Bf4 Kg6 52. Kxg4 1-0

[Event "*** Titled Tuesday 3|2 Blitz"]
[Site "Chess.com"]
[Date "2016.07.05"]
[Round "2"]
[White "AdrianaNikolova"]
[Black "ChessNinja48"]
[Result "0-1"]
[WhiteElo "2307"]
[BlackElo "2332"]
[TimeControl "180+2"]
[EndTime "17:23:17 PDT"]
[Termination "ChessNinja48 won on time"]

1. e4 e5 2. Nf3 Nc6 3. Bb5 a6 4. Ba4 Nf6 5. O-O Be7 6. Re1 b5 7. Bb3 d6 8. c3 O-O 9. h3 Nb8 10.
d4 Nbd7 11. a4 Bb7 12. Bc2 Re8 13. Nbd2 Bf8 14. Nf1 exd4 15. cxd4 Nxe4 16. d5 Nec5 17. Rxe8 Qxe8 18. axb5 axb5 19. Rxa8 Qxa8 20. Ng5 h6 21. Nh7 Be7 22. Qg4 Nf6 23. Nxf6+ Bxf6 24. Bxh6 Bxd5 25. Be3 Be4 26. Bd1 Qd5 27. Ng3 Bg6 28.
Bf3 Qe6 29. Qb4 Bd3 30. Bxc5 dxc5 31. Qxc5 Bxb2 32. Qxc7 Bc4 33. Qd8+ Kh7 34. Qh4+ Qh6 35. Be4+ g6 36. Qe7 Qf4 37. Qb7 Bd4 38. Kh2 Bxf2 39.
Bxg6+ Kg7 0-1

[Event "*** Titled Tuesday 3|2 Blitz"]
[Site "Chess.com"]
[Date "2016.07.05"]
[Round "2"]
[White "DanielNaroditsky"]
[Black "AlexanderL"]
[Result "1-0"]
[WhiteElo "2688"]
[BlackElo "2534"]
[TimeControl "180+2"]
[EndTime "17:23:36 PDT"]
[Termination "DanielNaroditsky won by resignation"]

1. d4 e6 2. e4 d5 3. Nd2 c5 4.
Ngf3 Nf6 5. e5 Nfd7 6. c3 Nc6 7. Bd3 Qb6 8. O-O cxd4 9. cxd4 Nxd4 10. Nxd4 Qxd4 11.
Nf3 Qb6 12. Qa4 Qb4 13. Qc2 Nc5 14. Bd2 Qa4 15. b3 Qd7 16. Be2 Be7 17. Nd4 O-O 18.
Rac1 a6 19. Bf3 Qd8 20. Bb4 Nd7 21. Bxe7 Qxe7 22. Rfe1 Qb4 23. Qd3 Nc5 24. Qe3 Bd7 25. a3 Qb6 26. Nxe6 fxe6 27. Rxc5 Bc6 28. Rec1 Rad8 29.
Bg4 Rfe8 30. Qh3 Bd7 31. b4 Rc8 32. Qe3 Rxc5 33. Rxc5 Qd8 34. g3 Bc6 35. Qd4 Qg5 36. h4 Qg6 37. Kg2 Rf8 38. Rc3 Kh8 39. Bh3 h6 40. Bg4 Kh7 41. h5 Qf7 42. Rf3 Qe7 43. Rxf8 Qxf8 44. Bxe6 Qe8 45. Bxd5 Bxd5+ 46. Qxd5 Qxh5 47.
Qe4+ Kh8 48. e6 Qe8 49. e7 Kg8 50. Qe6+ Kh7 51. Qe4+ Kg8 52. Qxb7 Kf7 53. Qd5+ Kf6 54. Qd8 Qxe7 55. Qxe7+ Kxe7 56. Kf3 Kd6 57. Ke4 a5 1-0

[Event "*** Titled Tuesday 3|2 Blitz"]
[Site "Chess.com"]
[Date "2016.07.05"]
[Round "2"]
[White "Evgeny_Levin"]
[Black "LaStreetCmaMaison"]
[Result "0-1"]
[WhiteElo "2643"]
[BlackElo "2477"]
[TimeControl "180+2"]
[EndTime "17:23:41 PDT"]
[Termination "LaStreetCmaMaison won by resignation"]

1. d4 b6 2. Nf3 Bb7 3. g3 Nf6 4. Bg2 g6 5. O-O Bg7 6. c4 O-O 7.
Nc3 Ne4 8. Nxe4 Bxe4 9. Be3 c5 10.
Qd2 d6 11. d5 Na6 12. Bh3 Bxf3 13. exf3 Nc7 14. Rac1 a6 15. b4 Rb8 16. Rfe1 cxb4 17. Qxb4 b5 18. Bg5 Re8 19. a4 a5 20. Qxa5 Ra8 21. Qb4 bxa4 22. Re3 h6 23. Bf4 g5 24. Ra3 gxf4 25. gxf4 Qb8 26. Rxa4 Qxb4 27. Rxb4 Reb8 28. Rcb1 Na6 29. Rb7 Rxb7 30. Rxb7 Bf6 31. Bf5 Nc5 32. Rb1 Kg7 33. Kg2 Ra4 34. Rc1 Ra2 35. Kg3 Bd4 36. Rf1 Kf6 37. Bb1 Ra4 38. Rc1 Nb3 39.
Rd1 Bc5 40. Bc2 Ra3 41. Rd3 Nd4 42. Rxa3 Bxa3 43. Bd3 Bc1 44. Kg4 Bd2 45. Kg3 Be1 46. Kg2 Nf5 47. Be4 Bd2 48. Kh3 h5 49. Kg2 Bxf4 50. h3 Ke5 51. Kf1 Nd4 52. Kg2 Nb3 53.
Bh7 Nd2 54. Bg8 Kf6 55. Bh7 Nxc4 56. Bd3 Nd2 57. Ba6 h4 58. Bc8 Ke5 59. Bb7 Nb1 60. Bc6 Nc3 61. Be8 f6 62. Bf7 Nxd5 63. Kf1 Nc3 64.
Ke1 d5 65. Kf1 e6 66. Be8 d4 67. Ke1 d3 0-1

[Event "*** Titled Tuesday 3|2 Blitz"]
[Site "Chess.com"]
[Date "2016.07.05"]
[Round "2"]
[White "TyIerDurden"]
[Black "proxy6"]
[Result "1-0"]
[WhiteElo "2435"]
[BlackElo "1911"]
[TimeControl "180+2"]
[EndTime "17:23:51 PDT"]
[Termination "TyIerDurden won by resignation"]

1. Nf3 Nf6 2. g3 e6 3. Bg2 d5 4. O-O Be7 5. d3 c5 6. Nbd2 Nc6 7. c4 b6 8. a3 Bb7 9. Re1 O-O 10. Rb1 Qc7 11.
cxd5 exd5 12. b3 Rfe8 13. Bb2 Rad8 14. e3 Qb8 15. d4 Ba6 16. Qc2 Nd7 17. Qc3 Bf6 18.
b4 Rc8 19. Qc2 cxb4 20. Qd1 bxa3 21. Bxa3 Na5 22. Bh3 Qb7 23. Nb3 Nc4 24. Bb4 Bb5 25. Nbd2 Qc6 26. Rc1 a5 27. Nxc4 Bxc4 28. Bd2 Ra8 29.
Ra1 Ra7 30. Ra4 Rea8 31. Qc2 b5 32. Raa1 Nb6 33. Qb2 b4 34. Bf5 Qb5 35. Ne5 g6 36. Bc2 b3 37. Nxc4 dxc4 38. Be4 Nd5 39. Bxd5 Qxd5 40. Ra4 Be7 41. Rea1 Bd6 42. Bc3 Be7 43. Bd2 Bd8 44. Bc3 Rc8 45. Qe2 h5 46. e4 Qb5 47.
d5 Rb8 48. Qe3 b2 49. Bxb2 Qxb2 50. Qxa7 c3 51. R4a2 Qb3 52. d6 c2 53. Rxc2 Qxc2 54. Qxb8 Qxe4 55. Qxd8+ Kh7 1-0

[Event "*** Titled Tuesday 3|2 Blitz"]
[Site "Chess.com"]
[Date "2016.07.05"]
[Round "2"]
[White "AungTZ"]
[Black "underdogchss"]
[Result "0-1"]
[WhiteElo "2132"]
[BlackElo "2358"]
[TimeControl "180+2"]
[EndTime "17:23:52 PDT"]
[Termination "underdogchss won by resignation"]

1. e4 e5 2. Nf3 Nc6 3. d4 exd4 4. Nxd4 Nf6 5. Nc3 Bb4 6. Nxc6 bxc6 7. Bd3 O-O 8. O-O d5 9. exd5 cxd5 10. Bg5 c6 11. h3 Re8 12. Qf3 h6 13. Bh4 Bd6 14. Rad1 Rb8 15.
b3 Be5 16. Ne2 c5 17. Bg3 Qc7 18. c3 Bb7 19. Bxe5 Qxe5 20. Qg3 Qxg3 21. Nxg3 g6 22.
Rfe1 Kg7 23. f3 Bc6 24. Kf2 h5 25. h4 a5 26. Bc2 Rxe1 27. Rxe1 a4 28. Re7 Bd7 29. Nf1 Kf8 30. Re1 axb3 31. axb3 Ra8 32.
Ne3 Ra2 33. Re2 d4 34. cxd4 cxd4 35. Nc4 Be6 36. Bd3 Ra1 37. Rb2 Nd5 38. b4 Nf4 39. Ne5 Ra3 40. Be4 Kg7 41. b5 f6 42. Nc6 Bc8 43.
Nxd4 f5 44. Bc6 Nd3+ 45. Kg3 Nxb2 46. b6 Rd3 47. Nb5 Rb3 48. Nd6 Rxb6 49. Nxc8 Rxc6 50.
Ne7 Rc2 51. Nd5 Nd3 52. Nf4 Nxf4 53. Kxf4 Rxg2 54. Ke5 Rg3 55. Ke6 Rxf3 56. Ke5 Rf1 57. Kd4 f4 58. Ke4 Kf6 59. Kd3 Re1 60. Kd2 Re5 61.
Kd3 f3 62. Kd4 f2 0-1

[Event "*** Titled Tuesday 3|2 Blitz"]
[Site "Chess.com"]
[Date "2016.07.05"]
[Round "2"]
[White "goingin33"]
[Black "SwiftyMcBishop"]
[Result "0-1"]
[WhiteElo "2141"]
[BlackElo "2054"]
[TimeControl "180+2"]
[EndTime "17:24:12 PDT"]
[Termination "SwiftyMcBishop won by resignation"]

1. e4 c5 2. Nf3 d6 3. d4 cxd4 4. Nxd4 Nf6 5. Nc3 a6 6. Bg5 Nbd7 7. f4 h6 8. Bh4 g5 9. fxg5 hxg5 10. Bxg5 Qa5 11.
Bd2 Qe5 12. Nf3 Qe6 13. Qe2 Nc5 14. e5 dxe5 15. Qxe5 Qb6 16. O-O-O Be6 17. Be3 Rc8 18.
Ng5 Rh5 19. Be2 Rxg5 20. Qxg5 Qa5 21. a3 Qb6 22. Na4 Nb3+ 23. Kb1 Qc6 24. Nc3 Ne4 25. Qe5 Nxc3+ 26. Qxc3 Qxc3 27. bxc3 Rxc3 28. Bb6 Rc8 29. cxb3 Bxb3 30. Rc1 Rb8 31. Bg4 e6 32. Kb2 Bd5 33.
Bd4 b5 34. Be5 Ra8 35. Rc7 b4 36. axb4 Bxb4 37. Rhc1 a5 38. Rc8+ Rxc8 39. Rxc8+ Kd7 40. Rc7+ Ke8 41. Bh5 Be7 42. Ra7 Bxg2 43. Rxa5 Bd5 44.
Ra8+ Bxa8 45. Kc3 Bd5 46. Kd4 Kf8 47. Bc7 Bf6+ 48. Ke3 Kg7 49. Be2 Bg5+ 50. Kf2 f6 51. Kg3 e5 52. Bb5 Bf4+ 53. Kh3 Kh6 54. Bd7 Kg5 55. Ba5 e4 56. Be1 f5 57. Bh4+ Kg6 58.
Be8+ Kg7 59. Bd7 Kg6 60. Be8+ Bf7 61. Bd7 e3 62. Kg2 Bd5+ 63. Kf1 Bxh2 64. Ke2 f4 65. Bg4 Bc4+ 66. Ke1 Bg3+ 67. Bxg3 fxg3 68. Be2 g2 0-1